 Dungeon Crawl Stone Soup version 0.28.0-53-g5a82cb258f (webtiles) character file.

Game seed: 10204350219325810683

4 LustLizard the Sneak (level 1, 0/9 HPs)
             Began as a Spriggan Enchanter on June 28, 2022.
             Slain by a bat (1 damage)
             ... on level 1 of the Dungeon.
             The game lasted 00:02:16 (326 turns).

LustLizard the Sneak (Spriggan Enchanter)            Turns: 326, Time: 00:02:17

Health: 0/9        AC:  2    Str:  4    XL:     1   Next: 50%
Magic:  5/5        EV: 17    Int: 16    God:
Gold:   2          SH:  0    Dex: 15    Spells: 5/5 levels left

rFire   . . .      SeeInvis +   a - +1 dagger
rCold   . . .      Faith    .   (no shield)
rNeg    . . .      Spirit   .   b - +0 robe
rPois   .          Reflect  .   (helmet restricted)
rElec   .          Harm     .   (no cloak)
rCorr   .          Rampage  .   (gloves unavailable)
Will    .....                   (boots unavailable)
Stlth   +++.......              (no amulet)
HPRegen 0.03/turn               (no ring)
MPRegen 0.09/turn               (no ring)

@: very quick
A: very small, no large weapons, unfitting armour, see invisible, speed 3
a: no special abilities


You were on level 1 of the Dungeon.
You visited 1 branch of the dungeon, and saw 1 of its levels.

You collected 2 gold pieces.

Inventory:

Hand Weapons
 a - a +1 dagger (weapon)
Missiles
 d - 21 stones (quivered)
Armour
 b - a +0 robe (worn)
Scrolls
 e - a scroll of noise {unknown}
 f - a scroll of brand weapon {unknown}
Potions
 c - a potion of invisibility
 g - a potion of degeneration {unknown}


   Skills:
 + Level 0.1 Fighting
 + Level 1.2 Short Blades
 - Level 2.6 Dodging
 * Level 4.6 Stealth
 - Level 2.6 Spellcasting
 + Level 3.7 Hexes


You had 5 spell levels left.
You didn't know any spells.
Your spell library contained the following spells:

 Spells                   Type           Power      Damage    Failure   Level
 Confusing Touch          Hex            14%        N/A       13%         3
 Tukima's Dance           Hex            14%        N/A       13%         3
 Ensorcelled Hibernation  Hex/Ice        16%        N/A       14%         2
 Dazzling Flash           Conj/Hex       16%        N/A       26%         3


Dungeon Overview and Level Annotations

Branches:
Dungeon (1/15)

Altars:


Innate Abilities, Weirdness & Mutations

You are very small and have problems with some larger weapons.
You are too small for most types of armour.
You have supernaturally acute eyesight. (SInv)
You cover ground extremely quickly. (Speed+++)


Message History

A quokka is nearby!
You closely miss the quokka. The quokka barely misses you.
You miss the quokka. The quokka bites you.
* * * LOW HITPOINT WARNING * * *
You miss the quokka.
The quokka bites you but does no damage.
A bat comes into view.
The bat barely misses you.
You closely miss the bat. The bat misses you.
The bat hits you but does no damage. The bat misses you.
A hobgoblin comes into view.
The helpless hobgoblin fails to defend itself.
You puncture the hobgoblin!
You kill the hobgoblin!
The bat misses you.
Found 6 gold pieces.
Found a leather armour and a viscous amethyst potion.
g - a viscous amethyst potion
There are no items here.
A kobold comes into view. It is wielding a +0 dagger.
The kobold closely misses you.
You hit the kobold but do no damage. You punch the kobold.
The kobold is moderately wounded.
The kobold closely misses you.
You barely miss the kobold.
The kobold is moderately wounded.
The kobold misses you.
You barely miss the kobold.
The kobold is moderately wounded.
The kobold hits you with a +0 dagger.
* * * LOW HITPOINT WARNING * * *
You closely miss the kobold.
The kobold is moderately wounded.
The kobold hits you but does no damage.
A quokka comes into view.
The helpless quokka fails to defend itself.
You puncture the quokka!
You kill the quokka!
The bat misses you. The bat hits you.
You die...

## .# .# ...#
##.## #...
....#
...#..####...
.##....K.#..
....####.#†#
##. #..$.#@#.#
#...#.#.[b.#.#
...#.#.####.#
...#......#
#.####..## ###
#.......# #..
#.####..# #$#
#...r..## #.#
#####.##


You could see a bat.

Vanquished Creatures
  A hobgoblin (D:1)
  A quokka (D:1)
  2 ball pythons (D:1)
  A bat (D:1)
  A kobold (D:1)
6 creatures vanquished.

Notes
Turn   | Place    | Note
-------+----------+-------------------------------------------
     0 | D:1      | LustLizard the Spriggan Enchanter began the quest for the
                  | Orb.
     0 | D:1      | Reached XP level 1. HP: 9/9 MP: 5/5
   326 | D:1      | Slain by a bat

Illustrated notes

Levels and vault maps discovered:
D:1:      roderic_dead_forest, layout_loops_ring, minmay_heptomino_l4

Action                   || total
-------------------------++-------
Melee: Dagger            ||    29
       Punch             ||     1
Throw: Stone             ||     4
 Stab: Sleeping          ||     5
Armor: Robe              ||     4
Dodge: Dodged            ||    21
